 Dungeon Crawl Stone Soup version 0.26-a0-651-gb41185065b (console) character file.

Game seed: 14713521229221408091

995 om the Ruffian (level 8, -5/68 HPs)
             Began as a Ghoul Monk on Sept 27, 2020.
             Was a Believer of Yredelemnul.
             Slain by a two-headed ogre
             ... wielding a +0 dire flail
              (16 damage)
             ... on level 5 of the Dungeon on Sept 28, 2020.
             The game lasted 00:11:52 (4631 turns).

om the Ruffian (Ghoul Monk)                         Turns: 4631, Time: 00:11:53

Health: -5/68      AC: 14    Str: 16    XL:     8   Next: 19%
Magic:  7/9        EV:  9    Int:  6    God:    Yredelemnul [**....]
Gold:   248        SH:  0    Dex: 17    Spells: 7/7 levels left

rFire    . . .     SeeInvis .     - Unarmed
rCold    + . .     Faith    .   (no shield)
rNeg     + + +     Spirit   .   c - +0 chain mail
rPois    ∞         Reflect  .   w - +0 helmet
rElec    .         Harm     .   o - +0 cloak
rCorr    .         Rampage  .   r - +1 pair of gloves
MR       .....     Rnd*Tele +   p - +0 pair of boots
Stlth    ..........             (no amulet)
HPRegen  0.00/turn              y - ring of teleportation (curse)
MPRegen  0.11/turn              j - +6 ring of dexterity

@: no status effects
A: rotting body, claws 1, cold resistance 1, negative energy resistance 3,
inhibited regeneration, torment resistance, unbreathing
a: Animate Remains, Recall Undead Slaves, Injury Mirror, Renounce Religion


You were on level 5 of the Dungeon.
You worshipped Yredelemnul.
Yredelemnul was pleased with you.
You visited 1 branch of the dungeon, and saw 6 of its levels.

You collected 248 gold pieces.

Inventory:

Hand Weapons
 m - a +0 arbalest
Missiles
 d - 26 poisoned darts (quivered)
Armour
 c - a +0 chain mail (worn)
 o - a +0 cloak (worn)
 p - a +0 pair of boots (worn)
 r - a +1 pair of gloves (worn)
 w - a +0 helmet (worn)
Jewellery
 e - an uncursed ring of protection from fire
 j - a +6 ring of dexterity (right hand)
 u - an uncursed ring of protection from fire
 x - the ring "Waolip" {+Fly Str-2 Dex+6, unknown}
   (You found it on level 4 of the Dungeon)

   [ring of flight]

   It affects your strength (-2).
   It affects your dexterity (+6).
   It lets you fly.
 y - a cursed ring of teleportation (left hand)
Wands
 z - a wand of flame (3)
Scrolls
 i - a scroll of remove curse {unknown}
 k - 2 scrolls of teleportation
 l - a scroll of amnesia {unknown}
 q - 3 scrolls of fear
 s - 2 scrolls of enchant armour {unknown}
 t - a scroll of fog {unknown}
 A - 2 scrolls of magic mapping {unknown}
Potions
 a - a potion of lignification {unknown}
 b - 3 potions of haste
 f - 3 potions of stabbing
 g - a potion of curing
 h - 2 potions of heal wounds
 n - a potion of mutation {unknown}
 v - 2 potions of flight {unknown}
 B - a potion of might {unknown}


   Skills:
 - Level 5.0 Fighting
 + Level 3.0 Armour
 + Level 4.2 Dodging
 - Level 4.0 Stealth
 * Level 6.6 Unarmed Combat
 + Level 3.1 Invocations


You had 7 spell levels left.
You didn't know any spells.
Your spell library was empty.

Dungeon Overview and Level Annotations

Branches:
Dungeon (6/15)             Temple (0/1) D:4

Altars:
Ashenzari
Cheibriados
Kikubaaqudgha
Okawaru
Sif Muna
Vehumet
Yredelemnul
The Shining One


Innate Abilities, Weirdness & Mutations

Your body is rotting away.
You thrive by killing the living.
You are immune to poison.
You have sharp fingernails.
Your flesh is cold resistant. (rC+)
You are immune to negative energy. (rN+++)
You do not regenerate when monsters are visible.
You are immune to unholy pain and torment.
You can survive without breathing.


Message History

You finish recalling your allies.
The two-headed ogre hits you but does no damage.
The two-headed ogre hits you with a +0 giant club!!
You swap places.
The two-headed ogre hits your scorpion zombie with a +0 dire flail!
The two-headed ogre barely misses your scorpion zombie.
Your scorpion zombie hits the two-headed ogre.
You swap places.
Your scorpion zombie hits the two-headed ogre.
The two-headed ogre barely misses your scorpion zombie.
The two-headed ogre hits your scorpion zombie with a +0 giant club!!
Your scorpion zombie is destroyed!
Your worm zombie bites the two-headed ogre.
You hit the two-headed ogre.
The two-headed ogre is moderately wounded.
The two-headed ogre hits you with a +0 dire flail!!
* * * LOW HITPOINT WARNING * * *
The two-headed ogre hits you with a +0 giant club!
You die...
Yredelemnul claims you as an undead slave.

#.# #####.###..##.## #Z# #.Z.Z.#
#..##.# #Z# #.###.###..##.# #Z#
#.# #.........## #.# #.#
#........†.. #######.# #.#
#.........## #.......######.#
####>.....## ##.###....[...#.#
#....#...
#.......#.###.#.######.......#
#..###.###..ZZ...........Z#...
###.......#.##O@########.#..Z.##
#...###..#.###..########.##.###
#.### #..####..........#.##Z#
#.# #..# #...######.#.##Z####
#.#####..####...# #.#.##.Z..Z
#.#.............# #.#.#######
#.#.###Z##.....## #....######
#<#.# #.##..#.## #..........
#.#.# #.##..#.# ##...######
#.#.# #..<.<..# ###.## #.#.#
#.##..### #...#


You could see a two-headed ogre, a friendly worm zombie and a friendly orc
wizard zombie.

Vanquished Creatures
  A hippogriff (D:5)
  A centaur (D:5)
  A scorpion (D:5)
  5 hounds
  2 bullfrog skeletons (D:5)
  An orc priest (D:3)
  Jessica (D:2)
  2 iguanas (D:4)
  3 orc wizards
  A killer bee zombie (D:5)
  A howler monkey zombie (D:5)
  4 gnolls
  6 adders
  3 oozes
  2 adder skeletons
  An adder zombie (D:5)
  4 worms
  5 dart slugs
  5 leopard geckos
  7 orcs
  11 bats
  4 giant cockroaches
  12 goblins
  17 hobgoblins
  14 jackals
  2 quokkas
  2 ball pythons
  7 frilled lizards
  3 kobolds (D:1)
  7 rats
135 creatures vanquished.

Vanquished Creatures (collateral kills)
  An adder zombie (D:5)
  A dart slug (D:4)
  A leopard gecko (D:4)
  3 orcs (D:4)
  A giant cockroach (D:5)
  A quokka (D:3)
  A frilled lizard (D:3)
  A kobold (D:3)
10 creatures vanquished.

Vanquished Creatures (others)
  A scorpion zombie (D:5)
  A giant cockroach zombie (D:5)
  A hound zombie (D:4)
3 creatures vanquished.

Grand Total: 148 creatures vanquished

Notes
Turn   | Place    | Note
-------+----------+-------------------------------------------
     0 | D:1      | om the Ghoul Monk began the quest for the Orb.
     0 | D:1      | Reached XP level 1. HP: 19/19 MP: 0/0
   237 | D:1      | Reached XP level 2. HP: 24/26 MP: 1/1
   474 | D:1      | Reached XP level 3. HP: 31/31 MP: 2/2
   927 | D:1      | Reached skill level 1 in Armour
   927 | D:1      | Reached skill level 4 in Unarmed Combat
  1075 | D:1      | Reached XP level 4. HP: 40/40 MP: 3/3
  1099 | D:2      | Noticed Jessica
  1114 | D:2      | Killed Jessica
  1304 | D:2      | Reached XP level 5. HP: 44/46 MP: 4/4
  1392 | D:2      | Found a glowing golden altar of the Shining One.
  1421 | D:2      | Found a broken altar of Ashenzari.
  1424 | D:2      | Found a basalt altar of Yredelemnul.
  1471 | D:2      | Found an iron altar of Okawaru.
  1645 | D:2      | Found an iron altar of Okawaru.
  1900 | D:2      | Became a worshipper of Yredelemnul the Dark
  1900 | D:2      | Reached * piety under Yredelemnul
  1900 | D:2      | Reached ** piety under Yredelemnul
  2127 | D:3      | Reached XP level 6. HP: 43/52 MP: 2/5
  2431 | D:3      | Reached skill level 1 in Invocations
  2471 | D:3      | Reached skill level 5 in Unarmed Combat
  2627 | D:4      | Found a shimmering blue altar of Sif Muna.
  2948 | D:4      | Reached XP level 7. HP: 55/60 MP: 7/7
  3113 | D:4      | Found an ancient bone altar of Kikubaaqudgha.
  3144 | D:4      | Found a staircase to the Ecumenical Temple.
  3163 | D:4      | Got a sparkling bronze ring
  3494 | D:5      | Entered Level 5 of the Dungeon
  3577 | D:5      | Found a snail-covered altar of Cheibriados.
  3612 | D:5      | Reached *** piety under Yredelemnul
  3680 | D:5      | Upgraded the game from 0.26-a0-649-gf8c6c3aab7 to
                  | 0.26-a0-651-gb41185065b
  3869 | D:5      | Noticed a hippogriff
  3881 | D:5      | Killed a hippogriff
  3881 | D:5      | Reached skill level 6 in Unarmed Combat
  4054 | D:5      | Found a radiant altar of Vehumet.
  4098 | D:5      | Reached skill level 5 in Fighting
  4138 | D:5      | Reached XP level 8. HP: 68/68 MP: 7/9
  4313 | D:5      | Found an ancient bone altar of Kikubaaqudgha.
  4616 | D:6      | Noticed a two-headed ogre
  4631 | D:5      | Slain by a two-headed ogre

Illustrated notes

Levels and vault maps discovered:
D:1:      evilmike_arrival_crescent, layout_loops_ring, st_stairs_4
D:2:      cheibrodos_greedy_goblins, layout_rooms,
          nicolae_overflow_quartered_altars, okawaru_gym_becter, uniq_jessica
D:3:      layout_rooms, st_stairs_14
D:4:      layout_loops_ring, lemuel_round_altar, minmay_temple_entry_mini_moons,
          lemuel_statue_altar
D:5:      layout_loops_ring, kennysheep_little_box,
          nicolae_overflow_crystal_walls, basic_altar, minmay_misc_feat_five
D:6:      layout_rooms, ebering_ghost_disaster_area, cheibriados_altar_1

Skill      XL: |  1  2  3  4  5  6  7  8 |
---------------+-------------------------+-----
Armour         | 1 2 3 |  3.0
Dodging        | 3 4 |  4.2
Unarmed Combat | 4 5 6 |  6.6
Stealth        | 3 4 |  4.0
Fighting       | 4 5 |  5.0
Invocations    | 1 2 3 |  3.1

Action                   |  1- 3 |  4- 6 |  7- 9 || total
-------------------------+-------+-------+-------++-------
Melee: Unarmed           |    97 |   318 |   140 ||   555
       Punch             |     2 |     2 |     5 ||     9
Invok: Animate Remains   |       |    10 |     7 ||    17
       Recall Undead Sla |       |     1 |     1 ||     2
       Injury Mirror     |       |       |     1 ||     1
       Animate Dead      |       |       |     1 ||     1
  Use: Scroll            |       |     6 |       ||     6
 Stab: Sleeping          |     2 |       |       ||     2
       Distracted        |       |       |     1 ||     1
Armor: Robe              |    14 |       |       ||    14
       Chain mail        |    58 |   205 |   102 ||   365
Dodge: Dodged            |    53 |   151 |    71 ||   275

Table legend: (Time is in decaauts)
 A = Elapsed time spent in this place.
 B = Non-inter-level travel time spent in this place.
 C = Inter-level travel time spent in this place.
 D = Time resting spent in this place.
 E = Time spent auto-exploring this place.
 F = Levels seen in this place.
 G = Mean time per level.
                   A        B        C        D        E       F      G
               +--------+--------+--------+--------+--------+-----+--------+
         Total |   4583 |   4500 |     83 |    607 |   2760 |   6 |  763.8 |
       Dungeon |   4583 |   4500 |     83 |    607 |   2760 |   6 |  763.8 |
               +--------+--------+--------+--------+--------+-----+--------+

Top non-repeatable levels by time:
     D:1: 1201 daAuts
     D:5: 1113 daAuts
     D:4: 935 daAuts
     D:2: 705 daAuts
     D:3: 615 daAuts
     D:6: 11 daAuts
